 Dungeon Crawl Stone Soup version 0.15-a0-1766-g0ee8742 (webtiles) character file.

693 JogiH the Magician (level 7, -1/36 HPs)
             Began as a Gargoyle Wizard on June 28, 2014.
             Slain by an ice beast (8 damage)
             ... on Level 6 of the Dungeon.
             The game lasted 00:33:44 (6557 turns).

JogiH the Magician (Gargoyle Wizard)                Turns: 6557, Time: 00:33:44

HP  -1/36        AC  8     Str 11      XL: 7   Next: 64%
MP  19/27        EV 11     Int 20      God:
Gold 249         SH  3     Dex 11      Spells:  5 memorised,  5 levels left

rFire  . . .     SeeInvis .     D - +0 trident (vamp)
rCold  . . .     Clarity  +     a - +0 robe
rNeg   + . .     rCorr    .     K - +0 buckler
rPois  +         rRot     +     b - +1 hat
rElec  +         Spirit   .     (no cloak)
SustAb .         Warding  .     t - +0 pair of gloves
rMut   .         Stasis   .     (no boots)
Gourm  .                        h - amulet of clarity
MR     .....                    I - ring of magical power
                                s - +3 ring of dexterity

@: not resistant to hostile enchantments, unstealthy
A: life protection 1, electricity resistance, unbreathing, petrification
resistance, rot immunity, AC +4
a: no special abilities


You were on level 6 of the Dungeon.
You were not hungry.

You visited 1 branch of the dungeon, and saw 6 of its levels.

You collected 249 gold pieces.

Inventory:

Hand weapons
 g - a +0 whip
 k - a cursed -2 spear
 B - a +0 dagger of electrocution
 D - a +0 vampiric trident (weapon)
 G - a cursed -3 dagger
Armour
 a - a +0 robe (worn)
 b - a +1 hat (worn)
 t - a +0 pair of gloves (worn)
 K - a +0 buckler (worn)
Magical devices
 j - a wand of flame (12) {unknown}
 y - a wand of frost (14) {unknown}
 F - a wand of fireball (7) {unknown}
Comestibles
 d - 4 bread rations
 n - 4 meat rations
 E - 2 rotting chunks of hobgoblin flesh
 L - a chunk of bat flesh
 M - a chunk of giant newt flesh
Scrolls
 e - 2 scrolls of fear
 f - 3 scrolls of identify
 v - 2 scrolls of teleportation
 w - a scroll of fog
 H - 2 scrolls of enchant weapon {unknown}
Jewellery
 h - an amulet of clarity (around neck)
 m - a -3 ring of evasion
 q - an uncursed ring of protection from fire
 s - a +3 ring of dexterity (left hand)
 u - an uncursed ring of flight
 C - an uncursed amulet of resist corrosion
 I - a ring of magical power (right hand)
Potions
 i - a potion of resistance {unknown}
 l - a potion of brilliance {unknown}
 o - a potion of restore abilities {unknown}
 p - a potion of magic {unknown}
 r - 2 potions of curing {unknown}
 x - a potion of mutation {unknown}
 z - 2 potions of heal wounds {unknown}
 A - a potion of haste {unknown}
 J - a potion of cure mutation {unknown}
Books
 c - a book of Minor Magic

   Spells                             Type                      Level
   *Magic Dart                        Conjuration                  1
   *Blink                             Translocation                2
   *Call Imp                          Summoning                    2
   Repel Missiles                     Charms/Air                   2
   Slow                               Hexes                        2
   *Conjure Flame                     Conjuration/Fire             3
   *Mephitic Cloud                    Conjuration/Poison/Air       3


   Skills:
 - Level 1.0 Polearms
 * Level 1.5 Dodging
 - Level 2.1 Stealth
 + Level 5.3 Spellcasting
 * Level 4.6 Conjurations
 * Level 1.8 Summonings
 * Level 1.5 Translocations
 * Level 1.2 Fire Magic
 * Level 2.0 Air Magic
 * Level 1.9 Poison Magic


You had 5 spell levels left.
You knew the following spells:

 Your Spells              Type           Power        Failure   Level  Hunger
a - Magic Dart            Conj           ###.         1%          1    None
b - Blink                 Tloc           N/A          14%         2    None
c - Call Imp              Summ           ##......     12%         2    None
d - Conjure Flame         Conj/Fire      ###.....     14%         3    ##.....
e - Mephitic Cloud        Conj/Pois/Air  ###.....     14%         3    ##.....


Dungeon Overview and Level Annotations

Branches:
Dungeon (6/15)
 Temple: D:4-7

Altars:
Ashenzari
Fedhas
Gozag
Okawaru
Yredelemnul


Innate Abilities, Weirdness & Mutations

You are resistant to torment.
You are immune to poison.
Your stone body is very resilient (AC +4).
You resist negative energy.
You are resistant to electric shocks.
You can survive without breathing.
You are immune to petrification.
You are immune to rotting.


Message History

Casting: Magic Dart
Confirm with . or Enter, or press ? or * to list all spells.
Aiming: Magic Dart
Press: ? - help, Shift-Dir - straight line, f/p - ice beast
Aim: an ice beast (translocational energy, almost dead)
The magic dart hits the ice beast.
The ice beast is almost dead.
You barely miss the ice beast.
The ice beast is almost dead.
The ice beast closely misses you.
Your crimson imp hits the ice beast but does no damage.
You barely miss the ice beast.
The ice beast is almost dead.
The ice beast hits you. The ice beast freezes you!
* * * LOW HITPOINT WARNING * * *
Your crimson imp blinks!
The ice beast hits you.
* * * LOW HITPOINT WARNING * * *
The ice beast freezes you!
You die...

)...).# #.# #.....# #.####.
#.....# #.......
##.....###5..... ...
#.......#....# ....
##..........# ##.....
##.........# #.(.....
.#........$.########..#.....
...............Y@...........
.
.##...........ยง...........
##.....#######.<......... #
##....## ##...........
#.##...5.# #...5......##
##.......## ##.........##
.#.........#####.........##
.........<....#..........#
.................######..#


You could see an ice beast and a friendly crimson imp.

Vanquished Creatures
  An ogre (D:4)
  The ghost of lennard the Grave Robber, an average SpNe of Kikubaaqudgha (D:4)
  2 hounds (D:5)
  2 orc priests
  4 orc wizards
  A worker ant (D:4)
  9 adders
  An orc zombie (D:5)
  2 giant mites (D:3)
  An inept feature mimic (D:5)
  4 worms
  28 orcs
  16 bats
  3 giant cockroaches
  9 goblins
  12 hobgoblins
  4 jackals (D:1)
  A ball python (D:2)
  4 giant geckos
  5 giant newts
  A giant newt skeleton (D:5)
  A goblin skeleton (D:4)
  A hobgoblin zombie (D:5)
  13 kobolds
  2 kobold skeletons (D:4)
  3 quokkas
  12 rats
143 creatures vanquished.

Vanquished Creatures (collateral kills)
  An orc wizard (D:3)
  2 adders (D:3)
  An ooze (D:2)
  2 orcs (D:3)
  2 jackals (D:1)
  A goblin (D:4)
9 creatures vanquished.

Vanquished Creatures (others)
  2 crimson imps
  2 shadow imps
  A white imp (D:3)
5 creatures vanquished.

Grand Total: 157 creatures vanquished

Notes
Turn   | Place    | Note
--------------------------------------------------------------
     0 | D:1      | JogiH, the Gargoyle Wizard, began the quest for the Orb.
     0 | D:1      | Reached XP level 1. HP: 10/10 MP: 4/4
   200 | D:1      | Reached XP level 2. HP: 13/15 MP: 0/6
   220 | D:1      | Learned a level 2 spell: Blink
   223 | D:1      | Learned a level 2 spell: Call Imp
   318 | D:1      | Reached skill level 1 in Translocations
   521 | D:2      | Found a basalt altar of Yredelemnul.
   604 | D:1      | Reached XP level 3. HP: 17/19 MP: 8/8
   609 | D:1      | Learned a level 3 spell: Conjure Flame
   748 | D:1      | Reached skill level 1 in Summonings
  1268 | D:2      | Reached skill level 4 in Spellcasting
  1268 | D:2      | Reached XP level 4. HP: 20/24 MP: 6/11
  1317 | D:2      | Found a shattered altar of Ashenzari.
  1615 | D:2      | Learned a level 3 spell: Mephitic Cloud
  2422 | D:3      | Reached XP level 5. HP: 24/28 MP: 9/13
  2428 | D:3      | Reached skill level 1 in Air Magic
  3488 | D:4      | Noticed lennard's ghost (average SpNe)
  3973 | D:4      | Noticed an ogre
  3983 | D:4      | Killed an ogre
  3983 | D:4      | Reached skill level 1 in Fire Magic
  3983 | D:4      | Reached skill level 1 in Poison Magic
  3983 | D:4      | Reached XP level 6. HP: 32/32 MP: 5/16
  4231 | D:5      | Entered Level 5 of the Dungeon
  4235 | D:5      | Reached skill level 1 in Polearms
  4621 | D:4      | Found an opulent altar of Gozag.
  4749 | D:5      | Reached XP level 7. HP: 36/36 MP: 18/18
  4781 | D:5      | Reached skill level 5 in Spellcasting
  6185 | D:4      | Killed lennard's ghost
  6217 | D:4      | Found an iron altar of Okawaru.
  6221 | D:4      | Found a blossoming altar of Fedhas.
  6557 | D:6      | Slain by an ice beast

Action                   |  1- 3 |  4- 6 |  7- 9 || total
-------------------------+-------+-------+-------++-------
Melee: Unarmed           |    10 |       |       ||    10
       Whip              |    72 |    97 |       ||   169
       Trident           |       |   113 |    81 ||   194
 Cast: Magic Dart        |    57 |   141 |    84 ||   282
       Call Imp          |     5 |     9 |     7 ||    21
       Blink             |     2 |     7 |       ||     9
       Conjure Flame     |       |     8 |     5 ||    13
       Mephitic Cloud    |       |     5 |     8 ||    13
  Use: Scroll            |     5 |     1 |     1 ||     7
 Stab: Sleeping          |       |     2 |       ||     2
       Distracted        |       |     1 |       ||     1
       Confused          |       |     1 |       ||     1
